SL
COLUMBUS TIDAL WAVES @ CHICAGO GOLD SOX
09/02/2017
 
TOP OF THE 1ST
Columbus Tidal Waves batting - Pitching for Chicago Gold Sox : RHP Devin Hinton
Pitching: RHP Devin Hinton
Batting: RHB Cale Sutton 0-0: Ground out 6-3 (Groundball, 6)
Batting: RHB George McDonald 0-0: Swinging Strike
0-1: Swinging Strike
0-2: Foul Ball, location: 2F
0-2: Reached on error, E5 (Groundball, 5)
Batting: LHB Gonzalo López 0-0: Called Strike
0-1: Swinging Strike
0-2: Ball
1-2: Ball
2-2: Ball
3-2: Fielders Choice at 2nd, 4-6 (Groundball, 4M)
Batting: LHB James Murray 0-0: Ball
Gonzalo López is caught stealing 2nd base
Top of the 1st over - 0 run(s), 0 hit(s), 1 error(s), 0 left on base; Columbus 0 - Chicago 0
BOTTOM OF THE 1ST
Chicago Gold Sox batting - Pitching for Columbus Tidal Waves : RHP Bill Prowse
Pitching: RHP Bill Prowse
Batting: LHB Noel Ballard 0-0: Ball
1-0: Ball
2-0: Ball
3-0: Called Strike
3-1: Ground out 4-3 (Groundball, 4)
Batting: LHB Earl Ellis 0-0: Ball
1-0: Swinging Strike
1-1: Ball
2-1: Ball
3-1: Base on Balls
Batting: RHB Daniel Lallanilla 0-0: Grounds into double play, 6-4-3 (Groundball, 6)
Bottom of the 1st over - 0 run(s), 0 hit(s), 0 error(s), 0 left on base; Columbus 0 - Chicago 0
TOP OF THE 2ND
Columbus Tidal Waves batting - Pitching for Chicago Gold Sox : RHP Devin Hinton
Batting: LHB James Murray 0-0: Ball
1-0: Ball
2-0: Ball
3-0: Base on Balls
Batting: RHB Yong-oon Yi 0-0: Called Strike
0-1: Ball
1-1: Ball
2-1: 2-RUN HOME RUN (Flyball, 7D), Distance : 409 ft
Batting: RHB Juan Alvarado 0-0: Ball
1-0: Ball
2-0: Ball
3-0: Called Strike
3-1: Ground out 5-3 (Groundball, 5L)
Batting: RHB Kevin Howard 0-0: Swinging Strike
0-1: Called Strike
0-2: Ball
1-2: Ball
2-2: Strikes out looking
Batting: RHB Brian Lynch 0-0: Ball
1-0: Ball
2-0: Foul Ball, location: 2F
2-1: Foul Ball, location: 2F
2-2: Ground out 4-3 (Groundball, 34)
Top of the 2nd over - 2 run(s), 1 hit(s), 0 error(s), 0 left on base; Columbus 2 - Chicago 0
BOTTOM OF THE 2ND
Chicago Gold Sox batting - Pitching for Columbus Tidal Waves : RHP Bill Prowse
Batting: LHB Vicente Martínez 0-0: Called Strike
0-1: Ball
1-1: DOUBLE (Flyball, 89XD)
Batting: LHB Norm Ortega 0-0: Ball
1-0: Fly out, F7 (Flyball, 7S)
Batting: LHB Ken Norman 0-0: Ball
1-0: Ground out 4-3 (Groundball, 34)
Vicente Martínez to third
Batting: RHB Mike Brown 0-0: Called Strike
0-1: Ball
1-1: Foul Ball, location: 2F
1-2: Foul Ball, location: 2F
1-2: Strikes out swinging
Bottom of the 2nd over - 0 run(s), 1 hit(s), 0 error(s), 1 left on base; Columbus 2 - Chicago 0
TOP OF THE 3RD
Columbus Tidal Waves batting - Pitching for Chicago Gold Sox : RHP Devin Hinton
Batting: RHB Bill Prowse 0-0: Called Strike
0-1: Ball
1-1: Ball
2-1: Ball
3-1: Foul Ball, location: 2F
3-2: Fly out, F4 (Line Drive, 34)
Batting: RHB Cale Sutton 0-0: Ground out 6-3 (Groundball, 56)
Batting: RHB George McDonald 0-0: Called Strike
0-1: Ball
1-1: Ball
2-1: Ground out U3 (Groundball, 3)
Top of the 3rd over - 0 run(s), 0 hit(s), 0 error(s), 0 left on base; Columbus 2 - Chicago 0
BOTTOM OF THE 3RD
Chicago Gold Sox batting - Pitching for Columbus Tidal Waves : RHP Bill Prowse
Batting: RHB Leandro Tuzzi 0-0: Ball
1-0: Fly out, F8 (Popup, 8LS)
Batting: RHB Devin Hinton 0-0: Ball
1-0: Ground out 5-3 (Groundball, 5S)
Batting: LHB Noel Ballard 0-0: Foul Ball, location: 2F
0-1: Ground out 4-3 (Groundball, 4)
Bottom of the 3rd over - 0 run(s), 0 hit(s), 0 error(s), 0 left on base; Columbus 2 - Chicago 0
TOP OF THE 4TH
Columbus Tidal Waves batting - Pitching for Chicago Gold Sox : RHP Devin Hinton
Batting: LHB Gonzalo López 0-0: Called Strike
0-1: Ball
1-1: Fly out, F8 (Flyball, 8RD)
Batting: LHB James Murray 0-0: Ball
1-0: Ball
2-0: Ground out U3 (Groundball, 3)
Batting: RHB Yong-oon Yi 0-0: Foul Ball, location: 2F
0-1: Ball
1-1: Swinging Strike
1-2: Ball
2-2: Ball
3-2: Foul Ball, location: 2F
3-2: Base on Balls
Batting: RHB Juan Alvarado 0-0: Ball
1-0: Ball
2-0: Fielders Choice at 2nd, 6-4 (Groundball, 6)
Top of the 4th over - 0 run(s), 0 hit(s), 0 error(s), 0 left on base; Columbus 2 - Chicago 0
BOTTOM OF THE 4TH
Chicago Gold Sox batting - Pitching for Columbus Tidal Waves : RHP Bill Prowse
Batting: LHB Earl Ellis 0-0: Foul Ball, location: 2F
0-1: Ground out 3-1 (Groundball, 34)
Batting: RHB Daniel Lallanilla 0-0: Ball
1-0: Called Strike
1-1: Foul Ball, location: 2F
1-2: Ball
2-2: Ground out 1-3 (Groundball, 13)
Batting: LHB Vicente Martínez 0-0: Ball
1-0: Ground out U3 (Groundball, 3L)
Bottom of the 4th over - 0 run(s), 0 hit(s), 0 error(s), 0 left on base; Columbus 2 - Chicago 0
TOP OF THE 5TH
Columbus Tidal Waves batting - Pitching for Chicago Gold Sox : RHP Devin Hinton
Batting: RHB Kevin Howard 0-0: Swinging Strike
0-1: Called Strike
0-2: Ball
1-2: Foul Ball, location: 2F
1-2: SINGLE (Flyball, 6MD)
Batting: RHB Brian Lynch 0-0: Ball
1-0: Foul Ball, location: 2F
1-1: Hit by Pitch
Kevin Howard to second
Batting: RHB Bill Prowse 0-0: Ball
1-0: Swinging Strike
1-1: Ball
2-1: SINGLE (Groundball, 6MD)
Kevin Howard to third
Brian Lynch to second
Runner from 3rd tries for Home, SAFE, throw made home
Batting: RHB Cale Sutton 0-0: Foul Ball, location: 2F
0-1: Ball
1-1: Ball
2-1: SINGLE (Line Drive, 8RS)
Brian Lynch to third
Bill Prowse to second
Batting: RHB George McDonald 0-0: Ball
1-0: Swinging Strike
1-1: Ball
2-1: Ball
3-1: Grounds into double play, U5-3 (Groundball, 5L)
Brian Lynch scores
Cale Sutton to second
Batting: LHB Gonzalo López 0-0: 2-RUN HOME RUN (Flyball, 9D), Distance : 371 ft
Batting: LHB James Murray 0-0: Foul Ball, location: 2F
0-1: Foul Ball, location: 2F
0-2: Foul Ball, location: 2F
0-2: SOLO HOME RUN (Flyball, 89XD), Distance : 395 ft
Pitching: RHP Ron Kennedy
Batting: RHB Yong-oon Yi 0-0: Called Strike
0-1: Foul Ball, location: 2F
0-2: Ball
1-2: Strikes out swinging
Top of the 5th over - 5 run(s), 5 hit(s), 0 error(s), 0 left on base; Columbus 7 - Chicago 0
BOTTOM OF THE 5TH
Chicago Gold Sox batting - Pitching for Columbus Tidal Waves : RHP Bill Prowse
Batting: LHB Norm Ortega 0-0: Foul Ball, location: 2F
0-1: Called Strike
0-2: Ball
1-2: Ball
2-2: Foul Ball, location: 2F
2-2: Fly out, F7 (Flyball, 7LM)
Batting: LHB Ken Norman Reached via error on a dropped throw, E1
Batting: RHB Mike Brown 0-0: Ball
1-0: Called Strike
1-1: Fly out, F3 (Popup, 23)
Batting: RHB Leandro Tuzzi 0-0: Ball
1-0: Ground out U3 (Groundball, 3S)
Bottom of the 5th over - 0 run(s), 0 hit(s), 1 error(s), 1 left on base; Columbus 7 - Chicago 0
TOP OF THE 6TH
Columbus Tidal Waves batting - Pitching for Chicago Gold Sox : RHP Ron Kennedy
Batting: RHB Juan Alvarado 0-0: SINGLE (Groundball, 4M)
Batting: RHB Kevin Howard 0-0: Grounds into double play, 6-4-3 (Groundball, 6)
Batting: RHB Brian Lynch 0-0: Foul Ball, location: 2F
0-1: Foul Ball, location: 2F
0-2: Ball
1-2: Ground out 6-3 (Groundball, 6S)
Top of the 6th over - 0 run(s), 1 hit(s), 0 error(s), 0 left on base; Columbus 7 - Chicago 0
BOTTOM OF THE 6TH
Chicago Gold Sox batting - Pitching for Columbus Tidal Waves : RHP Bill Prowse
Pinch Hitting: LHB Mike Blue 0-0: Ball
1-0: Ball
2-0: Ball
3-0: Called Strike
3-1: SOLO HOME RUN (Line Drive, 7D), Distance : 391 ft
Batting: LHB Noel Ballard 0-0: SINGLE (Line Drive, 34D)
Batting: LHB Earl Ellis 0-0: Ball
Noel Ballard steals 2nd base
1-0: 2-RUN HOME RUN (Flyball, 9D), Distance : 379 ft
Batting: RHB Daniel Lallanilla 0-0: Called Strike
0-1: Called Strike
0-2: Ground out 6-3 (Groundball, 6)
Batting: LHB Vicente Martínez 0-0: Ball
1-0: Ball
2-0: Ball
3-0: Base on Balls
Batting: LHB Norm Ortega 0-0: Called Strike
0-1: Ball
1-1: Foul Ball, location: 2F
1-2: Ball
2-2: Ball
3-2: Ground out 3-1 (Groundball, 34)
Vicente Martínez to second
Batting: LHB Ken Norman 0-0: Ball
1-0: Ball
2-0: Ball
3-0: Called Strike
3-1: Foul Ball, location: 2F
3-2: Fly out, F6 (Popup, 6)
Bottom of the 6th over - 3 run(s), 3 hit(s), 0 error(s), 1 left on base; Columbus 7 - Chicago 3
TOP OF THE 7TH
Columbus Tidal Waves batting - Pitching for Chicago Gold Sox : RHP Ron Kennedy
Pitching: RHP Justin Reynolds
Batting: RHB Bill Prowse 0-0: Swinging Strike
0-1: Ball
1-1: Ball
2-1: Foul Ball, location: 2F
2-2: Ground out 6-3 (Groundball, 6)
Batting: RHB Cale Sutton 0-0: SINGLE (Flyball, 4MD)
Batting: RHB George McDonald 0-0: Called Strike
0-1: Ball
1-1: Called Strike
Cale Sutton is caught stealing 2nd base
1-2: Fly out, F6 (Line Drive, 6)
Top of the 7th over - 0 run(s), 1 hit(s), 0 error(s), 0 left on base; Columbus 7 - Chicago 3
BOTTOM OF THE 7TH
Chicago Gold Sox batting - Pitching for Columbus Tidal Waves : RHP Bill Prowse
Batting: RHB Mike Brown 0-0: Called Strike
0-1: Ball
1-1: Ball
2-1: Ball
3-1: Called Strike
3-2: DOUBLE (Groundball, 5L)
Batting: RHB Leandro Tuzzi 0-0: Called Strike
0-1: Ball
1-1: Ball
2-1: Called Strike
2-2: DOUBLE (Line Drive, 7LS)
Mike Brown scores
Pinch Hitting: LHB Ron Goodwin 0-0: Ground out 6-3 (Groundball, 6M)
Leandro Tuzzi to third
Batting: LHB Noel Ballard 0-0: Called Strike
0-1: Foul Ball, location: 2F
0-2: Foul Ball, location: 2F
0-2: DOUBLE (Flyball, 89M)
Leandro Tuzzi scores
Batting: LHB Earl Ellis 0-0: Ball
Noel Ballard is caught stealing 3rd base
1-0: Ball
2-0: Fly out, F9 (Popup, 4D)
Bottom of the 7th over - 2 run(s), 3 hit(s), 0 error(s), 0 left on base; Columbus 7 - Chicago 5
TOP OF THE 8TH
Columbus Tidal Waves batting - Pitching for Chicago Gold Sox : RHP Justin Reynolds
Pitching: LHP Billy Black
Batting: LHB Gonzalo López 0-0: Ball
1-0: Called Strike
1-1: Ball
2-1: DOUBLE (Flyball, 8LXD)
Batting: LHB James Murray 0-0: Called Strike
0-1: SINGLE (Line Drive, 6D)
Gonzalo López to third
Batting: RHB Yong-oon Yi 0-0: Ball
1-0: Foul Ball, location: 2F
1-1: Swinging Strike
1-2: Strikes out swinging
Batting: RHB Juan Alvarado 0-0: Called Strike
0-1: Grounds into double play, 4-6-3 (Groundball, 4)
Top of the 8th over - 0 run(s), 2 hit(s), 0 error(s), 1 left on base; Columbus 7 - Chicago 5
BOTTOM OF THE 8TH
Chicago Gold Sox batting - Pitching for Columbus Tidal Waves : RHP Bill Prowse
Batting: RHB Daniel Lallanilla 0-0: Foul Ball, location: 2F
0-1: Foul Ball, location: 2F
0-2: Ball
1-2: Ball
2-2: Ground out 5-3 (Groundball, 5S)
Batting: LHB Vicente Martínez 0-0: Called Strike
0-1: Ball
1-1: Ball
2-1: Foul Ball, location: 2F
2-2: Ball
3-2: Foul Ball, location: 2F
3-2: Foul Ball, location: 2F
3-2: Foul Ball, location: 2F
3-2: Strikes out swinging
Batting: LHB Norm Ortega 0-0: Ball
1-0: Called Strike
1-1: Swinging Strike
1-2: Ball
2-2: Foul Ball, location: 2F
2-2: Ball
3-2: Strikes out swinging
Bottom of the 8th over - 0 run(s), 0 hit(s), 0 error(s), 0 left on base; Columbus 7 - Chicago 5
TOP OF THE 9TH
Columbus Tidal Waves batting - Pitching for Chicago Gold Sox : LHP Billy Black
Batting: RHB Kevin Howard 0-0: Called Strike
0-1: SINGLE (Groundball, 56)
Batting: RHB Brian Lynch 0-0: Ball
1-0: Grounds into double play, 4-6-3 (Groundball, 4)
Pinch Hitting: LHB Trent Kershaw 0-0: Called Strike
0-1: Ball
1-1: SINGLE (Line Drive, 56D)
Batting: RHB Cale Sutton 0-0: Ball
1-0: Swinging Strike
1-1: Swinging Strike
1-2: Fly out, F8 (Flyball, 8RM)
Top of the 9th over - 0 run(s), 2 hit(s), 0 error(s), 1 left on base; Columbus 7 - Chicago 5
BOTTOM OF THE 9TH
Chicago Gold Sox batting - Pitching for Columbus Tidal Waves : RHP Bill Prowse
Pitching: RHP Eric Miller
Batting: LHB Ken Norman 0-0: Ball
1-0: Called Strike
1-1: Ground out 4-3 (Groundball, 4)
Batting: RHB Mike Brown 0-0: Ball
1-0: Ball
2-0: Called Strike
2-1: Foul Ball, location: 2F
2-2: Ground out 5-3 (Groundball, 5S)
Batting: RHB Leandro Tuzzi 0-0: Called Strike
0-1: Called Strike
0-2: Strikes out swinging
Bottom of the 9th over - 0 run(s), 0 hit(s), 0 error(s), 0 left on base; Columbus 7 - Chicago 5
This league is powered by Out of the Park Baseball, the baseball management simulation game for PC, Mac and Linux
Saturday, February 27th, 2021 - OOTP Baseball 15.6 Build 34